Workbook
Name AA: [1]Listas!#REF!
Name AA: [1]Listas!#REF!
Name AAAAS: DATOS!$C$2069:$C$2125
Name AGS: DATOS!$C$36:$C$46
Name BCN: DATOS!$C$47:$C$53
Name BCS: DATOS!$C$54:$C$58
Name CAM: DATOS!$C$59:$C$71
Name CHI: DATOS!$C$190:$C$256
Name CHP: DATOS!$C$72:$C$189
Name COA: DATOS!$C$273:$C$310
Name COL: DATOS!$C$311:$C$320
Name DIF: DATOS!$C$257:$C$272
Name DUR: DATOS!$C$321:$C$359
Name GRO: DATOS!$C$531:$C$611
Name GTO: DATOS!$C$485:$C$530
Name HGO: DATOS!$C$612:$C$695
Name JAL: DATOS!$C$696:$C$820
Name MEX: DATOS!$C$360:$C$484
Name MIC: DATOS!$C$821:$C$933
Name MOR: DATOS!$C$934:$C$969
Name NAY: DATOS!$C$970:$C$989
Name NLE: DATOS!$C$990:$C$1040
Name OAX: DATOS!$C$1041:$C$1610
Name PUE: DATOS!$C$1611:$C$1827
Name QRO: DATOS!$C$1828:$C$1845
Name ROO: DATOS!$C$1846:$C$1856
Name SIN: DATOS!$C$1915:$C$1932
Name SLP: DATOS!$C$1857:$C$1914
Name SON: DATOS!$C$1933:$C$2005
Name TAB: DATOS!$C$2006:$C$2022
Name TAM: DATOS!$C$2023:$C$2065
Name TLX: DATOS!$C$2066:$C$2125
Name VER: DATOS!$C$2126:$C$2337
Name YUC: DATOS!$C$2338:$C$2443
Name ZAC: DATOS!$C$2069:$C$2125
Name ZAS: DATOS!$C$2444:$C$2501
Name ZZZZ: DATOS!$C$2069:$C$2125

Sheet SOLICITUD C.C.C. FOV
L1: SOLICITUD DE CRÉDITO EN CUENTA CORRIENTE (C.C.C.) GARANTÍA FOVISSSTE | BK1: E
AN2: 1 | AO2: enero | BK2: I
AC3: Fecha de solicitud (dd/mm/aaaa): | AN3: 2 | AO3: febrero
C4: PARA USO EXCLUSIVO DE LA INSTITUCIÓN | AN4: 3 | AO4: marzo
C5: No. Solicitud (ID Operación): | AN5: 4 | AO5: abril
AN6: 5 | AO6: mayo
AN7: 6 | AO7: junio
AN8: 7 | AO8: julio
AN9: 8 | AO9: agosto
C10: 1. DATOS DE LA OFICINA DE ATENCIÓN O SUCURSAL | AN10: 9 | AO10: septiembre
AC11: Importe de Crédito Solicitado sin decimales: | AN11: 10 | AO11: octubre
C12: No. Ofna./Suc. | G12: Nombre de la Oficina de Atención o Sucursal: | AN12: 11 | AO12: noviembre
C13: =IF(G13>0,VLOOKUP(G13,DATOS!$F$3:$G$21,2,FALSE),"") | AN13: 12 | AO13: diciembre
AC14: Plazo del Crédito Solicitado (en meses):
C15: 2. DATOS DEL CRÉDITO
C17: Número de disposiciones | O17: Periodo de disposición (en meses): | AA17: Forma de disposición:
C19: Forma de pago: | T19: Destino del Crédito Solicitado:
C21: Desarrollos a individualizar con el FOVISSSTE
C27: 3. DATOS DEL CONTACTO PARA EL TRÁMITE
C28: ÁREA TÉCNICA (Nombre(s), Apellido Paterno, Apellido Materno): | Y28: Cargo en la Empresa:
C30: Correo Electrónico: | Y30: Teléfono(s):
Y31: Número:
C33: ÁREA CONTABLE (Nombre(s), Apellido Paterno, Apellido Materno): | Y33: Cargo en la Empresa:
C35: Correo Electrónico: | Y35: Teléfono(s):
Y36: Número:
C38: ÁREA JURÍDICA (Nombre(s), Apellido Paterno, Apellido Materno): | Y38: Cargo en la Empresa:
C40: Correo Electrónico: | Y40: Teléfono(s):
Y41: Número:
C43: Nota: Colocar los datos de las personas a quienes la Institución podrá contactar para dar seguimiento a los trámites relacionados con temas técnicos, contables y jurídicos, en caso de ser necesario.
C44: 4. GENERALES DEL SOLICITANTE | AL44: 0 | AN44: =IF(AL44=1,C115,C65) -> 0
C45: Persona Moral | Y45: SECTOR:
C46: Denominación o Razón Social: | Z46: Fecha de Constitución: | AE46: Nacionalidad:
C48: Giro Mercantil, Actividad u Objeto Social: | Z48: RFC:
C50: Grupo Empresarial: | Z50: No. de Serie Firma Electrónica Avanzada:
C52: Descripción de Régimen Fiscal: | Z52: Régimen Fiscal:
Z53: =IF(C53>0,VLOOKUP(C53,DATOS!$M$2:$N$20,2,FALSE),"")
C54: DOMICILIO Calle: | Z54: No. Exterior: | AE54: No. Interior:
C56: Colonia:
C58: Código Postal: | G58: Alcaldía o Municipio: | Z58: Ciudad o Estado:
AP59: =VLOOKUP(Z59,DATOS!$A$2:$B$33,2,FALSE) -> #N/A
C60: Página Web: | Z60: Teléfono(s):
Z61: Número:
C63: Persona Física con Actividad Empresarial
C64: Nombre(s), Apellido Paterno, Apellido Materno (sin abreviaturas): | Z64: Fecha de nacimiento (dd/mm/aaaa):
C66: RFC: | O66: CURP: | Z66: Nacionalidad:
C68: País de nacimiento: | O68: Lugar de nacimiento:
C70: Edad: | K70: Ocupación, profesión, actividad o giro del negocio al que se dedica: | Z70: No. de Serie Firma Electrónica Avanzada:
C72: Género:
C74: Estado Civil:
C75: * En su caso indicar el régimen:
C76: Descripción de Régimen Fiscal: | Z76: Régimen Fiscal:
Z77: =IF(C77>0,VLOOKUP(C77,DATOS!$M$2:$N$20,2,FALSE),"")
C78: DOMICILIO Calle: | Z78: No. Exterior: | AE78: No. Interior:
C80: Colonia:
C82: Código Postal: | G82: Alcaldía o Municipio: | Z82: Ciudad o Estado:
AP83: =VLOOKUP(Z83,DATOS!$A$2:$B$33,2,FALSE) -> #N/A
C84: Página Web: | Z84: Teléfono(s):
Z85: Número:
C88: Correo Electrónico para Facturación: | U88: Correo Electrónico para envío de Estados de Cuenta:
AQ89: =CONCATENATE(IF(AND(AL44=2,C65>0,COUNTA(C89,U89)<2),"Es importante capturar los correos de Facturación y envío de Estados de Cuenta.",""),IF(AND(AL44=1,C47>0,COUNTA(C89,U89)<2),"Es importante capturar los correos de Facturación y envío de Estados de Cuenta.",""))
C91: 5. DOMICILIO FISCAL | AC91: ¿El domicilio es el mismo que en el apartado anterior? | AL91: 0
C92: Calle: | Z92: No. Exterior: | AE92: No. Interior:
C93: =IF($AL$91=1, "Capture datos", IF($AL$91=2, IF($AL$44=1, C55, IF($AL$91=2, IF($AL$44=2, C79))))) -> FALSE | Z93: =IF($AL$91=1, "Capture datos", IF($AL$91=2, IF($AL$44=1, Z55, IF($AL$91=2, IF($AL$44=2, Z79))))) -> FALSE | AE93: =IF($AL$91=1, "Capture datos", IF($AL$91=2, IF($AL$44=1, AE55, IF($AL$91=2, IF($AL$44=2, AE79))))) -> FALSE
C94: Colonia:
C95: =IF($AL$91=1, "Capture datos", IF($AL$91=2, IF($AL$44=1, C57, IF($AL$91=2, IF($AL$44=2, C81))))) -> FALSE
C96: Código Postal: | G96: Alcaldía o Municipio: | Z96: Ciudad o Estado:
C97: =IF($AL$91=1, "Capture datos", IF($AL$91=2, IF($AL$44=1, C59, IF($AL$91=2, IF($AL$44=2, C83))))) -> FALSE | G97: =IF($AL$91=1, "Capture datos", IF($AL$91=2, IF($AL$44=1, G59, IF($AL$91=2, IF($AL$44=2, G83))))) -> FALSE | Z97: =IF($AL$91=1, "Capture datos", IF($AL$91=2, IF($AL$44=1, Z59, IF($AL$91=2, IF($AL$44=2, Z83))))) -> FALSE | AP97: =VLOOKUP(Z97,DATOS!$A$2:$B$33,2,FALSE) -> #N/A
C98: 6. DATOS COMPLEMENTARIOS
C99: Concepto | J99: Año | M99: Número de Empleados que iniciaron el año | T99: Número de Empleados que iniciaron y finalizaron el año (1) | AB99: =IF(AL264>0,CONCATENATE("Número de Empleados actuales en ",AL264),"Número de Empleados Actuales") -> Número de Empleados Actuales
C100: Último año transcurrido: | J100: =IF(AC4>0, YEAR(AC4)-(1),"") | AB100: Contratados por Nómina:
C101: Penúltimo año transcurrido: | J101: =IF(AC4>0,J100-1,"") | AB101: Contratados por Outsourcing:
C102: Antepenúltimo año transcurrido: | J102: =IF(AC4>0, J101-1,"")
C103: (1) Este número corresponde al número de Empleados que iniciaron el año y permanecieron todo el año laborando en la empresa, sin considerar las nuevas contrataciones. Este número no debe exceder el número inicial de Empleados. Ejemplo: Al 1 de Enero del 2014 la empresa cuenta con una plantilla de 15 empleados, de los cuales se dan de baja 2 empleados; y se contratan a 5 nuevos empleados; por lo tanto se registran los 13 empleados que iniciaron y permanecieron en el año.
C104: Ventas Netas Anuales del Último Ejercicio Fiscal: | M104: ¿La empresa cuenta con calificación de alguna(s) agencia(s) calificadora(s)?
C106: Cotización en Bolsa
C107: ¿Cotiza en Bolsa? | O107: En caso afirmativo:
P108: Se trata:
P109: Indicar las Claves de Pizarra:
C110: ¿Forma parte de algún Grupo de interés común, donde alguna empresa cumpla el punto anterior? | O110: En caso afirmativo:
P111: Indicar nombre de la empresa:
P112: Indicar las Claves de Pizarra:
C113: 7. DATOS DEL REPRESENTANTE LEGAL (Persona Moral)
C114: Nombre(s), Apellido Paterno, Apellido Materno:
C117: 8. ACCIONISTAS (Persona Moral) | AC117: IMPORTE CAPITAL SOCIAL (sin decimales): | AL117: =SUM(Z120+Z122+Z124+Z126+Z128) -> 0 | AQ117: =IF(SUM(Z120+Z122+Z124+Z126+Z128)=1,"","Nota: La suma de los % debe ser igual al 100%") -> Nota: La suma de los % debe ser igual al 100%
C119: Nombre(s), Apellido Paterno, Apellido Materno: | Z119: % Accionario: | AD119: Importe:
AD120: =IF($AD$117="","",+$AD$117*Z120)
C121: Nombre(s), Apellido Paterno, Apellido Materno: | Z121: % Accionario: | AD121: Importe:
AD122: =IF($AD$117="","",+$AD$117*Z122)
C123: Nombre(s), Apellido Paterno, Apellido Materno: | Z123: % Accionario: | AD123: Importe:
AD124: =IF($AD$117="","",+$AD$117*Z124)
C125: Nombre(s), Apellido Paterno, Apellido Materno: | Z125: % Accionario: | AD125: Importe:
AD126: =IF($AD$117="","",+$AD$117*Z126)
C127: Nombre(s), Apellido Paterno, Apellido Materno: | Z127: % Accionario: | AD127: Importe:
AD128: =IF($AD$117="","",+$AD$117*Z128)
C129: 9. PRINCIPALES FUNCIONARIOS (Persona Moral)
C130: Nombre del Director General:
C132: Personas que le reportan directamente:
D133: Nombre(s), Apellido Paterno, Apellido Materno (sin abreviaturas): | Z133: Puesto o Cargo:
C134: 1.
C135: 2.
...

Sheet AVISO
H1: SOLICITUD DE CRÉDITO EN CUENTA CORRIENTE (C.C.C.) GARANTÍA FOVISSSTE
G108: RECIBÍ AVISO DE PRIVACIDAD INTEGRAL CLIENTES Y ESTOY DE ACUERDO CON EL MISMO.
J111: NOMBRE Y FIRMA: | K111: =IF('SOLICITUD C.C.C. FOV'!AN44=0, "INGRESA NOMBRE",'SOLICITUD C.C.C. FOV'!AN44) -> INGRESA NOMBRE
H112: .

Sheet DATOS
A1: Ciudad o Estado | J1: Categoría de Vivienda | M1: Descripción | N1: RegimenFiscal | Q1: Descripción
A2: Aguascalientes | B2: AGS | J2: Interés Social | M2: General de Ley Personas Morales | N2: 601 | P2: Persona Física | Q2: Sueldos y Salarios e Ingresos Asimilados a Salarios
A3: Baja California | B3: BCN | F3: Cancún | G3: 014 | J3: Media | M3: Personas Morales con Fines no Lucrativos | N3: 603 | Q3: Arrendamiento
A4: Baja California Sur | B4: BCS | F4: Chihuahua | G4: 011 | J4: Residencial | M4: Sueldos y Salarios e Ingresos Asimilados a Salarios | N4: 605 | Q4: Régimen de Enajenación o Adquisición de Bienes
A5: Campeche | B5: CAM | F5: Colima | G5: 020 | J5: Residencial Plus | M5: Arrendamiento | N5: 606 | Q5: Demás ingresos
A6: Chiapas | B6: CHP | F6: Corporativo | G6: 507 | M6: Régimen de Enajenación o Adquisición de Bienes | N6: 607 | Q6: Residentes en el Extranjero sin Establecimiento Permanente en México
A7: Chihuahua | B7: CHI | F7: Culiacán | G7: 003 | M7: Demás ingresos | N7: 608 | Q7: Ingresos por Dividendos (socios y accionistas)
A8: Ciudad de México | B8: DIF | F8: Guadalajara | G8: 009 | M8: Residentes en el Extranjero sin Establecimiento Permanente en México | N8: 610 | Q8: Personas Físicas con Actividades Empresariales y Profesionales
A9: Coahuila | B9: COA | F9: Gran Terraza Lomas Verdes | G9: 041 | M9: Ingresos por Dividendos (socios y accionistas) | N9: 611 | Q9: Ingresos por intereses
A10: Colima | B10: COL | F10: Hermosillo | G10: 021 | M10: Personas Físicas con Actividades Empresariales y Profesionales | N10: 612 | Q10: Régimen de los ingresos por obtención de premios
A11: Durango | B11: DUR | F11: Insurgentes | G11: 001 | M11: Ingresos por intereses | N11: 614 | Q11: Sin obligaciones fiscales
A12: Estado de México | B12: MEX | F12: León Guanajuato | G12: 016 | M12: Régimen de los ingresos por obtención de premios | N12: 615 | Q12: Incorporación Fiscal
A13: Guanajuato | B13: GTO | F13: Mérida | G13: 012 | M13: Sin obligaciones fiscales | N13: 616 | Q13: Régimen de las Actividades Empresariales con ingresos a través de Plataformas Tecnológicas
A14: Guerrero | B14: GRO | F14: Monterrey | G14: 002 | M14: Sociedades Cooperativas de Producción que optan por diferir sus ingresos | N14: 620 | Q14: Régimen Simplificado de Confianza
A15: Hidalgo | B15: HGO | F15: Puebla | G15: 004 | M15: Incorporación Fiscal | N15: 621 | P15: Persona Moral | Q15: General de Ley Personas Morales
A16: Jalisco | B16: JAL | F16: Puerto Vallarta | G16: 035 | M16: Actividades Agrícolas, Ganaderas, Silvícolas y Pesqueras | N16: 622 | Q16: Personas Morales con Fines no Lucrativos
A17: Michoacán | B17: MIC | F17: Querétaro | G17: 006 | M17: Opcional para Grupos de Sociedades | N17: 623 | Q17: Residentes en el Extranjero sin Establecimiento Permanente en México
A18: Morelos | B18: MOR | F18: San Luis Potosí | G18: 005 | M18: Coordinados | N18: 624 | Q18: Sociedades Cooperativas de Producción que optan por diferir sus ingresos
A19: Nayarit | B19: NAY | F19: Satélite | G19: 040 | M19: Régimen de las Actividades Empresariales con ingresos a través de Plataformas Tecnológicas | N19: 625 | Q19: Actividades Agrícolas, Ganaderas, Silvícolas y Pesqueras
A20: Nuevo León | B20: NLE | F20: Tijuana | G20: 030 | M20: Régimen Simplificado de Confianza | N20: 626 | Q20: Opcional para Grupos de Sociedades
A21: Oaxaca | B21: OAX | F21: Torreón | G21: 033 | Q21: Coordinados
A22: Puebla | B22: PUE | Q22: Régimen Simplificado de Confianza
A23: Querétaro | B23: QRO
A24: Quintana Roo | B24: ROO
A25: San Luis Potosí | B25: SLP
A26: Sinaloa | B26: SIN
A27: Sonora | B27: SON
A28: Tabasco | B28: TAB
A29: Tamaulipas | B29: TAM
A30: Tlaxcala | B30: TLX
A31: Veracruz | B31: VER
A32: Yucatán | B32: YUC
A33: Zacatecas | B33: ZAS
A35: Estado | B35: Abreviatura | C35: Municipios
A36: Aguascalientes | B36: AGS | C36: Aguascalientes
C37: Asientos
C38: Calvillo
C39: Cosío
C40: Jesús María
C41: Pabellón de Arteaga
C42: Rincón de Romos
C43: San José de Gracia
C44: Tepezalá
C45: El Llano
C46: San Francisco de los Romo
A47: Baja California | B47: BCN | C47: Ensenada
C48: Mexicali
C49: Tecate
C50: Tijuana
C51: Playas de Rosarito
C52: San Quintín
C53: San Felipe
A54: Baja California Sur | B54: BCS | C54: Comondú
C55: Mulegé
C56: La Paz
C57: Los Cabos
C58: Loreto
A59: Campeche | B59: CAM | C59: Calkiní
C60: Campeche
C61: Carmen
C62: Champotón
C63: Hecelchakán
C64: Hopelchén
C65: Palizada
C66: Tenabo
C67: Escárcega
C68: Calakmul
C69: Candelaria
C70: Seybaplaya
C71: Dzitbalché
A72: Chiapas | B72: CHP | C72: Acacoyagua
C73: Acala
C74: Acapetahua
C75: Aldama
C76: Altamirano
C77: Amatán
C78: Amatenango De La Frontera
C79: Amatenango Del Valle
C80: Angel Albino Corzo
C81: Arriaga
C82: Bejucal De Ocampo
C83: Bella Vista
C84: Benemérito De Las Américas
... C189: Zinacantán
A190: Chihuahua | B190: CHI | C190: Ahumada
C191: Aldama
C192: Allende
C193: Aquiles Serdán
C194: Ascensión
C195: Bachíniva
C196: Balleza
C197: Batopilas de Manuel Gómez Morín
C198: Bocoyna
C199: Buenaventura
C200: Camargo
C201: Carichí
C202: Casas Grandes
... C256: Valle de Zaragoza
A257: Ciudad de México | B257: DIF | C257: Álvaro Obregon
C258: Azcapotzalco
...
